AoeStats
← Jer

Pilgrims

508373201Analyzed
2v2 RM · 9d ago on Sep 22, 2026· 50m 46s· 4 players
Game mode
Random Map
Map size
Medium (4 player)
Population
200
Speed
Normal
Resources
Standard
Victory
Conquest
Starting age
Dark Age
Ending age
Imperial Age
RankedLock teamsTeams togetherTeam positionsShared explorationLock speedFull tech treeHidden civsTurbo modeCheats
Victory
Defeat
🇹🇼 Malians · Taiwan
945
+18
🇯🇵 Malay · Japan
903
+20
🇷🇺 Inca · Russia
998
-19
🇷🇺 Italians · Russia
989
-19
qvbcheng
12:06 Feudal Age
16:59 Castle Age
15:37 Double-Bit Axe
16:22 Gold Mining
16:29 Stone Mining
16:27 Horse Collar
17:01 Forging
17:04 Scale Mail Armor
18:11 Bow Saw
18:44 Heavy Plow
24:09 Chain Mail Armor
27:24 Iron Casting
31:53 Wheelbarrow
32:53 Hand Cart
36:15 Imperial Age
34:14 Scale Barding Armor
35:16 Chain Barding Armor
36:21 Bloodlines
36:12 Husbandry
36:31 Cavalier
38:21 Plate Barding Armor
39:24 Conscription
39:04 Farimba
takoyaki
3:53 Loom
12:42 Feudal Age
12:21 Double-Bit Axe
12:23 Fishing Lines
19:58 Fletching
22:31 Castle Age
22:16 Wheelbarrow
22:29 Gillnets
22:50 Medium Warships
24:42 Town Watch
25:13 Hand Cart
25:51 Husbandry
26:05 Forging
26:00 Scale Barding Armor
29:58 Gold Mining
32:52 Light Cavalry
40:50 Imperial Age
40:03 Capped Ram
42:12 Thalassocracy
Jer
13:17 Feudal Age
14:39 Loom
20:15 Castle Age
18:50 Scale Mail Armor
19:16 Champi Runner
21:27 Forging
20:54 Champi Warrior
21:41 Squires
22:49 Iron Casting
22:27 Arson
25:26 Chain Mail Armor
Nihad 愛
4:51 Loom
14:46 Feudal Age
16:24 Horse Collar
16:31 Double-Bit Axe
17:22 Town Watch
20:08 Wheelbarrow
20:24 Stone Mining
23:52 Castle Age
28:45 Gold Mining
29:04 Heavy Plow
29:03 Fletching
29:14 Padded Archer Armor
30:12 Ballistics
29:52 Bodkin Arrow
30:25 Thumb Ring
32:26 Leather Archer Armor
33:05 Demolition Ship
33:26 Fishing Lines
34:56 Gillnets
46:28 Herbal Medicine
Connection lost

Rejoining the realm…

Still unreachable

The connection could not be restored.

Session expired

The server has moved on; the page needs a fresh start.